 Dungeon Crawl Stone Soup version 0.28.0-47-ge53b351184 (webtiles) character file.

Game seed: 5496532567707193324

2051 Icepheonix32 the Frost Mage (level 9, -5/61 HPs)
             Began as a Demonspawn Ice Elementalist on May 4, 2022.
             Slain by Harold
             ... wielding a +0 mace
              (34 damage)
             ... on level 7 of the Dungeon.
             The game lasted 00:09:52 (6604 turns).

Icepheonix32 the Frost Mage (DsIE)                  Turns: 6604, Time: 00:09:53

Health: -5/61      AC:  5    Str: 14    XL:     9   Next: 4%
Magic:  8/15       EV: 15    Int: 18    God:
Gold:   318        SH:  0    Dex: 24    Spells: 5/16 levels left

rFire   . . .      SeeInvis .   t - +9 long sword of Vysuzoshoa {venom, Drain rElec rCorr Dex+7}
rCold   . . .      Faith    .   y - orb {mayhem}
rNeg    . . .      Spirit   .   a - +0 robe
rPois   .          Reflect  .   (no helmet)
rElec   +          Harm     .   m - +0 cloak
rCorr   +          Rampage  .   (no gloves)
Will    .....                   (no boots)
Stlth   +++.......              (no amulet)
HPRegen 0.20/turn               n - +6 ring of strength
MPRegen 0.14/turn               (no ring)

@: no status effects
A: thin metallic scales 1, ignite blood 1, spiny 1, inhibited regeneration
a: no special abilities


You were on level 7 of the Dungeon.
You visited 1 branch of the dungeon, and saw 7 of its levels.

You collected 318 gold pieces.

Inventory:

Hand Weapons
 l - a +4 quarterstaff of chaos
 t - the +9 long sword of Vysuzoshoa (weapon) {venom, Drain rElec rCorr Dex+7}
   (You found it on level 5 of the Dungeon)

   It poisons the flesh of those it strikes.
   Dex:       It affects your dexterity (+7).
   rElec:     It insulates you from electricity.
   rCorr:     It protects you from acid and corrosion.
   Drain:     It drains your maximum health when unequipped.
 E - the +3 dagger of Dullness {freeze, rN+ rCorr Stlth+}
   (You found it on level 6 of the Dungeon)

   It freezes those it strikes, dealing additional cold damage.
   It can also slow down cold-blooded creatures.
   rN:        It protects you from negative energy.
   rCorr:     It protects you from acid and corrosion.
   Stlth:     It makes you more stealthy.
Missiles
 g - a boomerang of dispersal
Armour
 a - a +0 robe (worn)
 e - a +0 kite shield
 m - a +0 cloak (worn)
 y - an orb of mayhem (worn)
Magical Staves
 q - a staff of cold
Jewellery
 n - a +6 ring of strength (left hand)
Wands
 i - a wand of digging (5)
 w - a wand of iceblast (10)
Scrolls
 b - 6 scrolls of teleportation
 k - a scroll of immolation {unknown}
 r - 2 scrolls of holy word {unknown}
 s - a scroll of summoning {unknown}
 x - 4 scrolls of identify {unknown}
 B - a scroll of enchant weapon {unknown}
 D - a scroll of noise {unknown}
Potions
 c - a potion of invisibility
 d - a potion of heal wounds
 h - a potion of degeneration {unknown}
 j - 3 potions of might {unknown}
 p - a potion of attraction {unknown}
 u - a potion of brilliance {unknown}
 v - a potion of curing
 z - a potion of berserk rage {unknown}
 A - a potion of haste {unknown}
 C - a potion of lignification {unknown}


   Skills:
 + Level 2.2 Fighting
 - Level 0.6 Staves
 * Level 4.0 Dodging
 + Level 2.4 Stealth
 + Level 4.2 Spellcasting
 * Level 9.1 Ice Magic
 * Level 3.4 Evocations


You had 5 spell levels left.
You knew the following spells:

 Your Spells              Type           Power      Damage    Failure   Level
a - Freeze                Ice            100%       1d11      1%          1
b - Ozocubu's Armour      Ice            36%        N/A       1%          3
c - Frozen Ramparts       Ice            72%        1d9       1%          3
d - Hailstorm             Conj/Ice       20%        3d6       22%         4

Your spell library contained the following spells:

 Spells                   Type           Power      Damage    Failure   Level
 Summon Small Mammal      Summ           12%        N/A       14%         1
 Call Canine Familiar     Summ           3%         N/A       41%         3
 Summon Guardian Golem    Hex/Summ       3%         N/A       41%         3
 Tukima's Dance           Hex            3%         N/A       41%         3
 Anguish                  Hex/Necr       1%         N/A       82%         4
 Enfeeble                 Hex            1%         N/A       100%        7


Dungeon Overview and Level Annotations

Branches:
Dungeon (7/15)             Temple (0/1) D:7

Altars:

Annotations:
D:7 Harold


Innate Abilities, Weirdness & Mutations

You are partially covered in thin metallic scales. (AC +2)
Your demonic aura sometimes causes spilled blood to erupt in flames.
You are partially covered in sharp spines.
You do not regenerate when monsters are visible.


Message History

The orc dies!
The orc hits the orc with a +0 dagger.
The orc dies!
The frozen ramparts melt away.
The orc barely misses the orc.
The orc misses the orc.
Your icy armour will break if you move.
Continue?
Okay, then.
The orc hits the orc with a +0 dagger.
Harold the Weathered comes into view.
He is wielding a +0 mace, wearing a +3 scale mail of positive energy and carrying a wand of iceblast (9).
Casting: Ozocubu's Armour (safe; 1% risk of failure)
Confirm with . or Enter, or press ? or * to list all spells.
Casting: Frozen Ramparts (safe; 1% risk of failure)
Press: ? - help, Dir - look around, f - activate The walls around you are covered in ice.
The orc hits the orc with a +0 dagger.
Harold throws a throwing net.
The throwing net hits you.
You become entangled in the net!
The orc hits the orc with a +0 dagger.
The orc dies!
Unknown command.
You struggle against the net.
The wall freezes the orc.
You kill the orc!
Harold flies into a frenzy!
You hear a shout!
You struggle against the net.
The orc hits Harold with a +0 dagger.
Harold hits the orc with a +0 mace!!
The orc dies!
You rip the net and break free!
You feel a bit more experienced.
Your Dodging skill increases to level 4!
Unknown command.
Your icy armour cracks and falls away as you move.
The frozen ramparts melt away as you move.
Items here: )) [[ †.
Okay, then.
Harold shouts!
You hit Harold.
Harold is poisoned.
Harold is lightly wounded.
Harold hits you with a +0 mace!! x2
Ouch! That really hurt!
You die...

..... # .. #.$
...?.# .##.##..#
......# ..#.#..##.
.......##.....##?.
........#.....#...
......#.....)...#
.....)).........#
.......##.))..#..
...(... #☼@@..#
#####.. #.....#
..# #)....##.
..###. #........#
......###.........
.......<..........
...##.#.>.....####
# #.#.##.##
.....#.#


You could see the neutral Harold (fast, strong, insane, very poisoned).

Vanquished Creatures
  Grinder (D:3)
  Sigmund (D:4)
  A water moccasin (D:5)
  A hornet zombie (D:6)
  An ice beast (D:7)
  An ogre (D:5)
  A phantom (D:4)
  Blork the orc (D:6)
  2 scorpions (D:5)
  A water moccasin zombie (D:5)
  A water moccasin skeleton (D:7)
  A howler monkey (D:5)
  A bullfrog zombie (D:5)
  2 hounds
  2 centaur skeletons
  A bullfrog skeleton (D:6)
  An orc priest (D:4)
  A jelly (D:6)
  Crazy Yiuf (D:2)
  5 iguanas
  2 orc wizards (D:7)
  2 hound zombies
  12 adders
  10 gnolls
  2 howler monkey skeletons (D:5)
  A shadow imp (D:6)
  A white imp (D:6)
  An ufetubus (D:6)
  An adder zombie (D:5)
  2 worms
  3 dart slugs
  10 orcs
  8 bats
  10 endoplasms
  3 giant cockroaches
  7 goblins
  7 hobgoblins
  4 jackals
  3 quokkas (D:1)
  7 ball pythons
  6 frilled lizards
  7 kobolds
  A quokka skeleton (D:4)
  5 rats
142 creatures vanquished.

Vanquished Creatures (collateral kills)
  A centaur (D:7)
  5 orcs (D:7)
6 creatures vanquished.

Grand Total: 148 creatures vanquished

Notes
Turn   | Place    | Note
-------+----------+-------------------------------------------
     0 | D:1      | Icepheonix32 the Demonspawn Ice Elementalist began the
                  | quest for the Orb.
     0 | D:1      | Reached XP level 1. HP: 13/13 MP: 3/3
   223 | D:1      | Gained mutation: You are partially covered in thin metallic
                  | scales. (AC +2) [demonic ancestry]
   223 | D:1      | Reached XP level 2. HP: 17/19 MP: 0/5
   382 | D:1      | Found a faded altar of an unknown god.
   399 | D:1      | Reached skill level 4 in Ice Magic
   680 | D:1      | Gained mutation: Your demonic aura sometimes causes spilled
                  | blood to erupt in flames. [demonic ancestry]
   680 | D:1      | Reached XP level 3. HP: 23/24 MP: 2/7
   684 | D:1      | Learned a level 3 spell: Ozocubu's Armour
   688 | D:1      | Learned a level 3 spell: Frozen Ramparts
  1259 | D:2      | Found a runed translucent door.
  1260 | D:2      | Noticed Crazy Yiuf
  1426 | D:2      | HP: 1/24 [Crazy Yiuf/+4 quarterstaff of chaos (11)]
  1431 | D:2      | Killed Crazy Yiuf
  1432 | D:2      | Reached XP level 4. HP: 20/30 MP: 1/8
  2132 | D:3      | Noticed Grinder
  2315 | D:3      | Reached skill level 5 in Ice Magic
  2315 | D:3      | Reached XP level 5. HP: 34/35 MP: 9/9
  2326 | D:3      | Paralysed by Grinder for 5 turns
  2354 | D:3      | Paralysed by Grinder for 2 turns
  2359 | D:3      | Killed Grinder
  2360 | D:3      | Reached skill level 6 in Ice Magic
  2360 | D:3      | Reached XP level 6. HP: 4/41 MP: 2/10
  3353 | D:4      | Gained mutation: You do not regenerate when monsters are
                  | visible. [potion of mutation]
  3360 | D:4      | Reached skill level 7 in Ice Magic
  3360 | D:4      | Reached XP level 7. HP: 16/46 MP: 8/11
  3956 | D:4      | Noticed Sigmund
  3964 | D:4      | Killed Sigmund
  3965 | D:4      | Reached skill level 8 in Ice Magic
  4236 | D:5      | Entered Level 5 of the Dungeon
  4392 | D:5      | Learned a level 4 spell: Hailstorm
  4421 | D:5      | Reached skill level 1 in Evocations
  4723 | D:5      | Identified the +9 long sword of Vysuzoshoa {venom, Drain
                  | rElec rCorr Dex+7}
  4739 | D:5      | Reached skill level 1 in Fighting
  4898 | D:5      | Gained mutation: You are partially covered in sharp spines.
                  | [demonic ancestry]
  4898 | D:5      | Reached XP level 8. HP: 43/54 MP: 13/13
  5767 | D:6      | Noticed Blork the orc
  5771 | D:6      | Killed Blork the orc
  6181 | D:6      | Reached skill level 9 in Ice Magic
  6245 | D:6      | Identified the +3 dagger of Dullness {freeze, rN+ rCorr
                  | Stlth+}
  6576 | D:7      | Found a staircase to the Ecumenical Temple.
  6589 | D:7      | Reached XP level 9. HP: 55/61 MP: 9/15
  6592 | D:7      | Noticed Harold
  6604 | D:7      | Slain by Harold

Illustrated notes

Levels and vault maps discovered:
D:1:      minmay_arrival_four_circles, layout_rooms,
          chequers_ecumenical_altar_simple_redux
D:2:      minmay_recursive_quarters, layout_basic, basic_altar,
          grunt_ministairs_15, chequers_serial_rivers_micro_d,
          uniq_crazy_yiuf_cottage
D:3:      layout_rooms, uniq_grinder
D:4:      layout_basic, uniq_sigmund
D:5:      layout_basic
D:6:      layout_gridville, minmay_misc_feat_nine_boxes, uniq_blork_the_orc
D:7:      layout_rooms, mainiacjoe_overflow_alcove_1, minmay_temple_entry_waves,
          gammafunk_ghost_stat_death, uniq_harold

Skill      XL: |  1  2  3  4  5  6  7  8  9 |
---------------+----------------------------+-----
Ice Magic      | 4 5 6 7 8 9 |  9.1
Spellcasting   | 3 4 |  4.2
Evocations     | 1 3 |  3.4
Dodging        | 2 3 4 |  4.0
Fighting       | 1 2 |  2.2
Stealth        | 2 |  2.4
Staves         | |  0.6

Action                   |  1- 3 |  4- 6 |  7- 9 || total
-------------------------+-------+-------+-------++-------
Melee: Dagger            |    41 |       |       ||    41
       Punch             |     1 |       |     2 ||     3
       Quarterstaff      |       |   101 |    35 ||   136
       Staff             |       |       |    50 ||    50
       Long sword        |       |       |    62 ||    62
 Cast: Freeze            |    43 |     5 |     4 ||    52
       Ozocubu's Armour  |     1 |     3 |    12 ||    16
       Frozen Ramparts   |     1 |     3 |     8 ||    12
  Use: Potion            |     1 |     4 |       ||     5
       Scroll            |       |     3 |       ||     3
 Stab: Distracted        |     1 |       |       ||     1
       Sleeping          |       |     8 |     5 ||    13
       Invisible         |       |     1 |       ||     1
Armor: Robe              |    18 |    34 |    61 ||   113
Dodge: Dodged            |    46 |    76 |   107 ||   229
